 Dungeon Crawl Stone Soup version 0.31-a0-818-ge7c7cf74f0 (webtiles) character file.

Game seed: 16879215343776479310

202085 Conn the Spry (level 18, -8/121 (133) HPs)
             Began as a Merfolk Fire Elementalist on Sept 23, 2023.
             Was a Follower of Sif Muna.
             Killed from afar by a jorogumo (31 damage)
             ... with a bolt of negative energy
             ... on level 4 of the Spider Nest.
             The game lasted 02:43:55 (31638 turns).

Conn the Spry (Merfolk Fire Elementalist)          Turns: 31638, Time: 02:43:56

HP:   -8/121 (133)  AC: 23    Str: 15    XL:     18   Next: 56%
MP:   10/34         EV: 18    Int: 24    God:    Sif Muna [*.....]
Gold: 1667          SH: 19    Dex: 18    Spells: 7/42 levels left

rFire   + + .        a - staff of conjuration
rCold   . . .        A - +2 kite shield {AC+3}
rNeg    . . .        S - +7 ring mail of the Were-rabbit {*Corrode rPois Regen+ SInv}
rPois   +            x - +0 hat
rElec   +            H - +2 cloak {rPois}
rCorr   .            z - +1 pair of gloves
SInv    +            D - +2 pair of boots
Will    +....        d - amulet of reflection
Stlth   +++          R - ring "Xocw" {Wiz Int+2 Dex+4}
HPRegen 1.20/turn    F - ring "Kiror" {rElec rF++ Str+6}
MPRegen 0.24/turn

%: corrode self (3%), reflection, wizardry (x1)
@: on blink cooldown, studying Axes, drained
A: (nimble swimmer 2), mertail, deformed body
}: 1/15 runes: barnacled
a: Renounce Religion, Channel Magic


You were on level 4 of the Spider Nest.
You worshipped Sif Muna.
Sif Muna was aware of your devotion.
You visited 6 branches of the dungeon, and saw 28 of its levels.
You also visited: Ice Cave.

You collected 2973 gold pieces.
You spent 1306 gold pieces at shops.

Inventory:

Hand Weapons
 b - a +3 triple crossbow
 q - the +3 hand axe "Kefaz" {flame, rC+ rCorr Int-5 Dex+3}
   (You took it off a centaur warrior on level 10 of the Dungeon)

   Int-5:     It affects your intelligence (-5).
   Dex+3:     It affects your dexterity (+3).
   rC+:       It protects you from cold.
   rCorr:     It protects you from acid and corrosion.
Missiles
 J - 3 curare-tipped darts
 X - 6 throwing nets
Armour
 o - the +2 ring mail "Ankeunwo" {Fly rC++ Will- Dex+2}
   (You bought it in a shop on level 2 of the Orcish Mines)

   Dex+2:     It affects your dexterity (+2).
   rC++:      It greatly protects you from cold.
   Will-:     It decreases your willpower.
   Fly:       It grants you flight.
 u - a +2 tower shield
 x - a +0 hat (worn)
 z - a +1 pair of gloves (worn)
 A - a +2 kite shield of protection (worn)
 D - a +2 pair of boots (worn)
 H - a +2 cloak of poison resistance (worn)
 S - the +7 ring mail of the Were-rabbit (worn) {*Corrode rPois Regen+ SInv}
   (You found it on level 10 of the Dungeon)

   rPois:     It protects you from poison SInv: It lets you see invisible.
   Regen+:    It increases your rate of health regeneration.
   *Corrode:  It may corrode you when you take damage.
 T - the +4 leather armour of Laimurgh {rPois}
   (You bought it in a shop on level 2 of the Orcish Mines)

   rPois:     It protects you from poison
Magical Staves
 a - a staff of conjuration (weapon)
 s - a staff of air
Jewellery
 d - an amulet of reflection (around neck)
 t - an amulet of magic regeneration
 F - the ring "Kiror" (right hand) {rElec rF++ Str+6}
   (You bought it in a shop on level 2 of the Orcish Mines)

   [ring of strength]

   Str+6:     It affects your strength (+6).
   rF++:      It greatly protects you from fire.
   rElec:     It insulates you from electricity.
 G - an amulet of faith
 N - a ring of resist corrosion
 O - the ring "Leurreol" {rElec rF+ Str+6 Dex+2}
   (You found it on level 10 of the Dungeon)

   [ring of strength]

   Str+6:     It affects your strength (+6).
   Dex+2:     It affects your dexterity (+2).
   rF+:       It protects you from fire.
   rElec:     It insulates you from electricity.
 R - the ring "Xocw" (left hand) {Wiz Int+2 Dex+4}
   (You took it off a merfolk aquamancer on level 4 of the Shoals)

   [ring of wizardry]

   Wiz:       It improves your spell success rate.
   Int+2:     It affects your intelligence (+2).
   Dex+4:     It affects your dexterity (+4).
 Y - the ring of Autumn {rPois Str-2 Int+4 Dex+4}
   (You found it on level 3 of the Lair of Beasts)

   [ring of poison resistance]

   Str-2:     It affects your strength (-2).
   Int+4:     It affects your intelligence (+4).
   Dex+4:     It affects your dexterity (+4).
   rPois:     It protects you from poison
Wands
 v - a wand of paralysis (33)
 C - a wand of digging (11)
 K - a wand of quicksilver (10)
 L - a wand of mindburst (3)
 P - a wand of roots (16)
 Q - a wand of polymorph (11)
Scrolls
 c - 3 scrolls of noise
 h - a scroll of torment
 i - 6 scrolls of amnesia
 j - 5 scrolls of fog
 l - 2 scrolls of butterflies
 m - a scroll of immolation
 n - 6 scrolls of poison
 r - 3 scrolls of revelation
 w - 10 scrolls of teleportation
 y - 11 scrolls of identify
 B - 4 scrolls of blinking
 U - 3 scrolls of fear
Potions
 e - 7 potions of curing
 f - 4 potions of berserk rage
 p - 4 potions of attraction
 E - a potion of resistance
 I - 3 potions of enlightenment
 M - 8 potions of might
 V - 3 potions of brilliance
 W - 3 potions of mutation
Miscellaneous
 Z - a phantom mirror


   Skills:
 + Level 9.5 Fighting
 - Level 2.9 Staves
 - Level 1.2 Ranged Weapons
 - Level 9.2 Armour
 + Level 15.1 Dodging
 - Level 5.5 Stealth
 + Level 9.9 Shields
 * Level 12.7 Spellcasting
 + Level 9.7 Conjurations
 - Level 6.3 Hexes
 - Level 4.3 Summonings
 - Level 5.0 Translocations
 - Level 9.0 Fire Magic
 * Level 3.2 Air Magic
 + Level 11.5 Invocations


You had 7 spell levels left.
You knew the following spells:

 Your Spells              Type           Power      Damage    Failure   Level
a - Foxfire               Conj/Fire      100%       2x1d9     1%          1
b - Scorch                Fire           100%       2d9       1%          2
c - Inner Flame           Hex/Fire       51%        N/A       1%          3
d - Flame Wave            Conj/Fire      74%        2d16      1%          4
e - Blink                 Tloc           78%        N/A       1%          2
f - Summon Guardian Gole  Hex/Summ       41%        N/A       2%          3
g - Call Canine Familiar  Summ           36%        N/A       3%          3
h - Conjure Ball Lightni  Conj/Air       31%        3x3d10    52%         6
i - Arcjolt               Conj/Air       31%        1d41      12%         5
j - Plasma Beam           Fire/Air       22%        2x1d34    58%         6

Your spell library contained the following spells:

 Spells                   Type           Power      Damage    Failure   Level
 Summon Small Mammal      Summ           100%       N/A       1%          1
 Lesser Beckoning         Tloc           78%        N/A       1%          2
 Momentum Strike          Conj/Tloc      100%       3d10      1%          2
 Volatile Blastmotes      Fire/Tloc      96%        2d18      1%          3
 Sticky Flame             Conj/Fire      74%        2d9       1%          4
 Necrotise                Necr           60%        1d7       6%          1
 Vampiric Draining        Necr           15%        2d7       19%         3
 Silence                  Hex/Air        19%        N/A       24%         5
 Yara's Violent Unravell  Hex/Tmut       15%        3d8       41%         5
 Agony                    Necr           15%        N/A       83%         5
 Enfeeble                 Hex            22%        N/A       98%         7
 Discord                  Hex            22%        N/A       100%        8
 Disjunction              Tloc           19%        N/A       100%        8


Dungeon Overview and Level Annotations

Branches:
Dungeon (12/15)            Temple (1/1) D:5            Lair (5/5) D:9
 Shoals (4/4) Lair:3       Spider (4/4) Lair:3        Slime (0/5) Lair:4
    Orc (2/2) D:12            Elf (0/3) Orc:2         IceCv (visited)

Altars:
Ashenzari
Cheibriados
Dithmenos
Elyvilon
Fedhas
Gozag
Hepliaklqana
Kikubaaqudgha
Makhleb
Nemelex Xobeh
Okawaru
Qazlal
Ru
Sif Muna
Trog
Uskayaw
Vehumet
Wu Jian
Xom
Yredelemnul
Zin
The Shining One

Shops:
D:3 *   D:6 (   Orc:2 !*=(=[

Annotations:
D:12 exclusion: obsidian statue
Spider:4 Arachne


Innate Abilities, Weirdness & Mutations

((You are very nimble when in or above water. (Stealth+, EV+, Speed+++)))
Your lower body shifts to a powerful aquatic tail in water.
Armour fits poorly on your strangely shaped body.


Message History

The orb spider weaves a glowing orb of energy.
An orb of destruction comes into view.
Unknown command.
Unknown command.
Unknown command.
Casting: Blink (safe; 1% risk of failure)
Confirm with . or Enter, or press ? or * to list all spells.
A guardian golem appears, shielding your allies.
The orb spider spins a strand of pure energy.
The orb of destruction hits you!!!
* * * LOW HITPOINT WARNING * * *
You feel much better. The jorogumo casts a spell at you.
The stream of webbing hits you but does no damage.
You are caught in a web!
The orb spider weaves a glowing orb of energy.
An orb of destruction comes into view.
There is a web, spattered with blood here.
The web tears apart.
The jorogumo stares at you and mumbles some strange words.
The bolt of negative energy hits you!!
You feel drained.
* * * LOW HITPOINT WARNING * * *
Casting: Summon Guardian Golem (mildly dangerous; 2% risk of failure)
Confirm with . or Enter, or press ? or * to list all spells.
Okay, then.
Unknown command.
Unknown command.
Aiming: Quicksilver Bolt
Press: ? - help, Shift-Dir - straight line, f - orb spider
Aim: an orb spider (severely wounded, ally target, 71% to hit)
The bolt of dispelling energy misses the orb spider.
The jorogumo stares at you and mumbles some strange words.
The stream of webbing hits you but does no damage.
You are caught in a web!
Casting: Summon Guardian Golem (mildly dangerous; 2% risk of failure)
Confirm with . or Enter, or press ? or * to list all spells.
You blink.
The jorogumo casts a spell at you. The bolt of negative energy hits you!!
You feel drained.
You die...

# # ~~#
##################. #
~~...#.*.^..#.~~~~#~....
#
~~.....§...H@~~~~~~~s~#.
#
#~.....#○°○○~~~~~...~~~~
#
~......^~~#9s~†.#....~~~
#
~......~~~~††....^...^..
#
########################
# ## #. #### ...#


You could see a jorogumo, an orb spider (ally target) and a friendly guardian
golem (summoned).

Vanquished Creatures
  Asterion (Spider:2)
  2 krakens
  Ilsuiw (Shoals:2)
  An emperor scorpion (Spider:4)
  A ghost moth (Spider:4)
  An angel (Shoals:4)
  A broodmother (Spider:3)
  A formless jellyfish (Shoals:4)
  An apis (Shoals:4)
  A very ugly thing (D:11)
  11 spark wasps
  The ghost of Kushag the Severer, a journeyman MiFi of Gozag (Lair:2)
  An ettin (Orc:2)
  5 fire dragons
  6 merfolk javelineers
  13 merfolk impalers
  2 entropy weavers (Spider:1)
  4 ice dragons
  Erolcha (Orc:1)
  3 merfolk avatars
  2 catoblepae
  2 hydras
  2 centaur warriors (D:10)
  6 merfolk aquamancers
  2 radroaches
  Erica (D:9)
  2 alligator snapping turtles
  4 jorogumos
  6 boulder beetles
  A satyr (Shoals:3)
  11 death yaks
  5 orc high priests (Orc:2)
  2 two-headed ogres
  4 demonic crawlers
  Nergalle (D:10)
  3 skysharks
  4 skeletal warriors (D:12)
  2 cherubim (Shoals:4)
  4 pharaoh ants
  An orb spider (Spider:1)
  11 sea snakes
  9 orc knights (Orc:2)
  15 harpies
  2 wizards (D:11)
  7 ugly things
  2 lindwurms
  5 steelbarb worms
  9 wolf spiders
  10 manticores
  19 fauns
  An oklob plant (Lair:3)
  2 orc sorcerers (Orc:2)
  11 cyclopes
  4 elephants (Lair:5)
  Maurice (D:8)
  7 black mambas
  6 merfolk sirens
  5 water nymphs
  2 torpor snails
  14 cane toads
  4 rime drakes
  2 gargoyles (D:11)
  An unseen horror (D:11)
  9 komodo dragons
  8 polar bears
  9 wind drakes
  3 trolls
  30 merfolk
  13 tarantellas
  8 hornets
  16 dream sheep
  3 snapping turtles
  14 blink frogs
  Sigmund (D:6)
  A vampire (D:10)
  13 culicivoras
  12 jumping spiders
  6 water elementals
  59 yaks
  A shadow (D:10)
  14 spriggans (Lair:5)
  4 wyverns
  Eustachio (D:6)
  A steam dragon (D:9)
  10 vampire mosquitoes
  4 basilisks
  35 redbacks
  2 wargs
  13 water moccasins
  Duvessa (D:5)
  4 acid dragons
  34 orc warriors
  An ice beast (D:6)
  A swamp drake (D:12)
  6 black bears
  7 ogres
  4 boggarts (Lair:5)
  38 wolves
  2 centaurs
  3 kobold brigands
  13 bullfrogs
  3 scorpions
  7 wights
  Dowan (D:5)
  An elephant simulacrum (IceCv)
  8 killer bees
  7 howler monkeys
  10 electric eels
  2 jellies
  26 orc priests
  5 hounds
  5 sleepcaps
  An iguana (D:5)
  21 orc wizards
  6 hell rats (Lair:3)
  7 gnolls
  5 adders
  A shadow imp (D:8)
  14 white imps
  4 worms
  69 orcs
  6 endoplasms
  A giant cockroach (D:1)
  3 hobgoblins
  6 jackals
  3 bats
  A frilled lizard (D:2)
  8 goblins
  19 kobolds
  3 rats
  3 foxfires
  3 tentacles
935 creatures vanquished.

Vanquished Creatures (collateral kills)
  A fire dragon (Spider:2)
  A sea snake (Shoals:3)
  An ugly thing (IceCv)
  A wolf simulacrum (IceCv)
  4 foxfires
8 creatures vanquished.

Vanquished Creatures (others)
  2 fire dragons (Spider:1)
  A rakshasa (D:10)
  A boulder beetle (Spider:1)
  A skeletal warrior (D:12)
  An orc knight (Orc:2)
  An ugly thing (D:10)
  A cyclops (Shoals:4)
  A faun (Shoals:2)
  A wolf spider (Spider:1)
  An elephant simulacrum (IceCv)
  An orc (Orc:2)
  9 ball lightnings
  1657 foxfires
  15 tentacles
1693 creatures vanquished.

Grand Total: 2636 creatures vanquished

Notes
Turn   | Place    | Note
-------+----------+-------------------------------------------
     0 | D:1      | Conn the Merfolk Fire Elementalist began the quest for the
                  | Orb.
     0 | D:1      | Reached XP level 1. HP: 13/13 MP: 3/3
   252 | D:1      | Found a faded altar of an unknown god.
   258 | D:1      | Prayed at the altar of an unknown god.
   258 | D:1      | Became a worshipper of Qazlal Stormbringer
   258 | D:1      | Reached * piety under Qazlal
   771 | D:2      | Reached skill level 1 in Conjurations
   771 | D:2      | Reached XP level 2. HP: 19/19 MP: 0/5
   867 | D:2      | Reached skill level 3 in Dodging
  1074 | D:2      | Reached XP level 3. HP: 20/24 MP: 6/6
  1077 | D:2      | Learned a level 2 spell: Scorch
  1081 | D:2      | Learned a level 3 spell: Inner Flame
  1533 | D:3      | Found a radiant altar of Vehumet.
  1825 | D:3      | Found an iron altar of Okawaru.
  2092 | D:3      | Found an opulent altar of Gozag.
  2097 | D:3      | Reached XP level 4. HP: 29/30 MP: 7/7
  2097 | D:3      | Found Gozag's Platinum Reserve.
  2328 | D:3      | Reached ** piety under Qazlal
  2555 | D:4      | Reached XP level 5. HP: 35/35 MP: 5/9
  2835 | D:4      | Reached skill level 4 in Dodging
  2840 | D:4      | Reached skill level 1 in Hexes
  2840 | D:4      | Reached XP level 6. HP: 25/41 MP: 1/10
  3438 | D:5      | Entered Level 5 of the Dungeon
  3438 | D:5      | Noticed Duvessa
  3438 | D:5      | Noticed Dowan
  3446 | D:5      | Found a staircase to the Ecumenical Temple.
  3448 | D:5      | Killed Duvessa
  3449 | D:5      | Reached XP level 7. HP: 31/46 MP: 2/12
  3459 | D:5      | Killed Dowan
  3460 | D:5      | Reached skill level 5 in Dodging
  3650 | D:5      | Found a shimmering blue altar of Sif Muna.
  3917 | D:5      | Found a bloodstained altar of Trog.
  4410 | D:6      | Found an ancient bone altar of Kikubaaqudgha.
  4429 | D:6      | Reached XP level 8. HP: 22/52 MP: 2/13
  4600 | D:6      | Noticed Eustachio
  4615 | D:6      | Killed Eustachio
  4616 | D:6      | Reached skill level 5 in Stealth
  4720 | D:6      | Reached skill level 6 in Dodging
  4766 | D:6      | Found Vaugiyxe's Weapon Shop.
  4905 | D:6      | Learned a level 4 spell: Flame Wave
  4908 | D:6      | Learned a level 2 spell: Blink
  4988 | D:6      | Noticed Sigmund
  4993 | D:6      | Killed Sigmund
  5074 | D:6      | Reached *** piety under Qazlal
  5075 | D:6      | Reached skill level 1 in Fighting
  5250 | D:7      | Reached skill level 1 in Invocations
  5250 | D:7      | Reached XP level 9. HP: 59/59 MP: 13/15
  5296 | D:7      | Noticed a hornet
  5302 | D:7      | Killed a hornet
  5303 | D:7      | Reached skill level 1 in Armour
  5303 | D:7      | Reached skill level 1 in Translocations
  5636 | D:7      | Reached skill level 7 in Dodging
  5974 | D:8      | Noticed Maurice
  5980 | D:8      | Something stole an amulet of faith
  5981 | D:8      | Something stole an orb of guile
  5982 | D:8      | Something stole a +4 spear
  5983 | D:8      | Something stole 430 gold
  5986 | D:8      | Something stole 38 gold
  6023 | D:8      | Paralysed by Maurice for 5 turns
  6028 | D:8      | Killed Maurice
  6029 | D:8      | Reached skill level 5 in Spellcasting
  6155 | D:8      | Learned a level 3 spell: Summon Guardian Golem
  6196 | D:8      | Reached XP level 10. HP: 53/70 MP: 1/17
  6527 | D:8      | Found a white marble altar of Elyvilon.
  6531 | D:8      | Reached **** piety under Qazlal
  6676 | D:8      | Found Ladghe Qinni's Antique Armour Shop.
  6764 | D:8      | Found a hide-covered altar of Uskayaw.
  6767 | D:8      | Found a broken altar of Ashenzari.
  6924 | D:9      | Noticed Erica
  6935 | D:9      | Killed Erica
  6936 | D:9      | Reached skill level 8 in Dodging
  6936 | D:9      | Reached skill level 5 in Hexes
  7284 | D:9      | Reached skill level 5 in Conjurations
  7284 | D:9      | Reached skill level 5 in Fire Magic
  7303 | D:9      | Found a stormy altar of Qazlal.
  7513 | D:9      | Found a staircase to the Lair.
  7601 | D:9      | Reached XP level 11. HP: 66/78 MP: 10/19
  8008 | D:10     | Entered Level 10 of the Dungeon
  8051 | D:10     | Noticed Nergalle
  8058 | D:10     | Noticed a spectral orc warlord
  8060 | D:10     | Killed Nergalle
  8245 | D:10     | Identified the ring "Leurreol" {rElec rF+ Str+6 Dex+2}
  8415 | D:10     | Reached skill level 5 in Fighting
  8813 | D:10     | Found a sparkling altar of Nemelex Xobeh.
  8814 | D:10     | Found a broken altar of Ashenzari.
  8814 | D:10     | Found an opulent altar of Gozag.
  8814 | D:10     | Found a radiant altar of Vehumet.
  8838 | D:10     | Noticed a rakshasa
  8838 | D:10     | Noticed a red ugly thing
  8842 | D:10     | Noticed a centaur warrior
  8846 | D:10     | Killed a rakshasa
  8856 | D:10     | Killed a centaur warrior
  8857 | D:10     | Reached skill level 9 in Dodging
  8857 | D:10     | Reached skill level 5 in Invocations
  8865 | D:10     | Noticed a cyclops
  8868 | D:10     | Killed a cyclops
  8891 | D:10     | Identified the +3 hand axe "Kefaz" {flame, rC+ rCorr Int-5
                  | Dex+3}
  8891 | D:10     | Noticed a centaur warrior
  8896 | D:10     | Killed a centaur warrior
  8906 | D:10     | Noticed a manticore
  8913 | D:10     | Killed a manticore
  9007 | D:10     | Killed a red ugly thing
  9007 | D:10     | Reached ***** piety under Qazlal
  9128 | D:10     | Noticed a boulder beetle
  9128 | D:10     | Noticed a catoblepas
  9148 | D:10     | Killed a catoblepas
  9158 | D:10     | Killed a boulder beetle
  9159 | D:10     | Reached XP level 12. HP: 81/87 MP: 4/21
  9215 | D:10     | Identified the +7 ring mail of the Were-rabbit {*Corrode
                  | rPois Regen+ SInv}
  9216 | D:10     | Identified the +4 ring mail of Freedom {Rampage Will+
                  | Str+5}
  9239 | D:10     | Learned a level 3 spell: Call Canine Familiar
 10275 | D:11     | Reached skill level 1 in Summonings
 10483 | D:11     | Noticed a cyan very ugly thing
 10495 | D:11     | Killed a cyan very ugly thing
 10497 | D:11     | Reached skill level 10 in Dodging
 10680 | D:11     | Reached XP level 13. HP: 95/95 MP: 23/23
 11669 | D:12     | Found a frozen archway.
 11687 | IceCv    | Entered an ice cave
 11701 | IceCv    | Found a transporter.
 11713 | IceCv    | Found a transporter.
 11878 | D:12     | Reached XP level 14. HP: 102/103 MP: 18/25
 11890 | D:12     | Found a staircase to the Orcish Mines.
 12669 | Orc:1    | Entered Level 1 of the Orcish Mines
 13017 | Orc:2    | Entered Level 2 of the Orcish Mines
 13122 | Orc:2    | Found Gumnen's Jewellery Shoppe.
 13234 | Orc:2    | Reached ****** piety under Qazlal
 13391 | Orc:2    | Found a staircase to the Elven Halls.
 13742 | Orc:2    | Reached skill level 11 in Dodging
 13746 | Orc:2    | Reached skill level 1 in Staves
 13946 | Orc:2    | Found Heewoarr's Antique Armour Boutique.
 13974 | Orc:2    | Bought a heavily runed ring mail for 279 gold pieces
 13974 | Orc:2    | Identified the +2 ring mail "Ankeunwo" {Fly rC++ Will-
                  | Dex+2} (You bought it in a shop on level 2 of the Orcish
                  | Mines)
 13974 | Orc:2    | Bought a smoking leather armour for 217 gold pieces
 13974 | Orc:2    | Identified the +4 leather armour of Laimurgh {rPois} (You
                  | bought it in a shop on level 2 of the Orcish Mines)
 14509 | Orc:2    | Found Leicat's Distillery.
 14512 | Orc:2    | Found Gitryisie's Jewellery Shoppe.
 14513 | Orc:2    | Found Jisih's Weapon Shoppe.
 14513 | Orc:2    | Found Fif Sykh's General Store.
 14519 | Orc:2    | Bought the ring "Kiror" {rElec rF++ Str+6} for 810 gold
                  | pieces
 14687 | Orc:1    | Noticed Erolcha
 14697 | Orc:1    | Killed Erolcha
 15083 | Lair:1   | Entered Level 1 of the Lair of Beasts
 16092 | Lair:2   | Reached XP level 15. HP: 112/112 MP: 11/27
 16143 | Lair:2   | Noticed Kushag's ghost (journeyman MiFi)
 16206 | Lair:2   | Found a runed translucent gate.
 16206 | Lair:2   | Found a runed translucent gate.
 16206 | Lair:2   | Found a runed translucent gate.
 16808 | Lair:2   | Killed Kushag's ghost
 17095 | Lair:3   | Reached skill level 1 in Shields
 17157 | Lair:3   | Reached skill level 12 in Dodging
 17281 | Lair:3   | Found a staircase to the Shoals.
 17290 | Lair:3   | Identified the ring of Autumn {rPois Str-2 Int+4 Dex+4}
 17937 | Lair:3   | Found a hole to the Spider Nest.
 18246 | Lair:4   | Found a staircase to the Slime Pits.
 19087 | Lair:5   | Entered Level 5 of the Lair of Beasts
 19187 | Lair:5   | Reached XP level 16. HP: 82/119 MP: 2/29
 19188 | Lair:5   | Reached skill level 5 in Shields
 19736 | Lair:5   | Reached skill level 10 in Spellcasting
 19838 | Lair:5   | Identified the +2 ring mail of Resilience {rPois Int+4
                  | Dex-4}
 20033 | Lair:5   | Reached skill level 13 in Dodging
 20249 | Shoals:1 | Entered Level 1 of the Shoals
 20287 | Shoals:1 | Noticed a kraken
 20374 | Shoals:1 | Killed a kraken
 21218 | Shoals:2 | Noticed Ilsuiw
 21228 | Shoals:2 | Killed Ilsuiw
 21320 | Shoals:2 | Reached skill level 10 in Invocations
 21664 | Shoals:2 | Noticed a kraken
 21670 | Shoals:2 | Killed a kraken
 22212 | Shoals:3 | Reached XP level 17. HP: 102/124 MP: 17/32
 22865 | Shoals:3 | Reached skill level 14 in Dodging
 23400 | Shoals:4 | Entered Level 4 of the Shoals
 23874 | Shoals:4 | Identified the +7 chain mail "Forget-Me-Not" {-Tele Regen+
                  | Int+3 SInv}
 26155 | Shoals:4 | Identified the ring "Xocw" {Wiz Int+2 Dex+4} (You took it
                  | off a merfolk aquamancer on level 4 of the Shoals)
 26166 | Shoals:4 | Learned a level 6 spell: Conjure Ball Lightning
 26299 | Shoals:4 | Found a white marble altar of Elyvilon.
 26314 | Shoals:4 | Got a barnacled rune of Zot
 26411 | Shoals:4 | Found a glowing silver altar of Zin.
 26423 | Shoals:4 | Got a sparkling book
 26431 | Shoals:4 | Learned a level 5 spell: Arcjolt
 26438 | Shoals:4 | Learned a level 6 spell: Plasma Beam
 26585 | Shoals:4 | Found a glowing golden altar of the Shining One.
 26960 | Temple   | Entered the Ecumenical Temple
 26999 | D:5      | Fell from the grace of Qazlal
 26999 | D:5      | Became a worshipper of Sif Muna the Loreminder
 27200 | Spider:1 | Entered Level 1 of the Spider Nest
 27242 | Spider:1 | Reached XP level 18. HP: 102/131 MP: 12/34
 27246 | Spider:1 | Reached skill level 1 in Air Magic
 27247 | Spider:1 | Reached * piety under Sif Muna
 27361 | Spider:1 | Reached skill level 1 in Ranged Weapons
 28089 | Spider:1 | Gained mutation: Your body sometimes deteriorates upon
                  | taking damage. [mutagenic glow]
 28101 | Spider:1 | Gained mutation: You are dopey. (Int -2) [mutagenic glow]
 28312 | Spider:1 | Lost mutation: You are dopey. (Int -2) [potion of mutation]
 28312 | Spider:1 | Lost mutation: Your body sometimes deteriorates upon taking
                  | damage. [potion of mutation]
 28312 | Spider:1 | Gained mutation: Armour fits poorly on your strangely
                  | shaped body. [potion of mutation]
 28992 | Spider:2 | Noticed Asterion
 29000 | Spider:2 | Killed Asterion
 30891 | Spider:3 | Reached skill level 15 in Dodging
 31267 | Spider:4 | Entered Level 4 of the Spider Nest
 31286 | Spider:4 | Reached skill level 5 in Translocations
 31298 | Spider:4 | Noticed Arachne
 31633 | Spider:4 | HP: 4/133 [disintegration (63)]
 31638 | Spider:4 | Killed from afar by a jorogumo

Illustrated notes

Levels and vault maps discovered:
D:1:      nzn_arrival_depleted_hourglass, layout_loops_ring,
          hellmonk_ecumenical_altar_run_dry
D:2:      layout_basic, minmay_octomino_c4
D:3:      layout_loops_cross, kennysheep_okawaru_gauntlet,
          nicolae_gozag_zags_fifth_avenue, nicolae_vehumet_radiance,
          kennysheep_small_spiral, kennysheep_flooded_box, corexii_shack
D:4:      layout_basic, hellmonk_no_cap
D:5:      layout_basic, lemuel_crystal_altar, lemuel_crystal_altar,
          minmay_temple_entry_tees, uniq_duvessa
D:6:      layout_rooms, mainiacjoe_overflow_cross_hatched, serial_shops, shop,
          eino_small_chamber_without_monster, nicolae_the_louvre,
          uniq_eustachio, uniq_sigmund
D:7:      layout_cave_pools
D:8:      layout_loops_ring, mainiacjoe_overflow_small_starburst,
          mainiacjoe_overflow_catwalk_spiral, serial_shops, shop, uniq_maurice
D:9:      layout_loops_ring, nicolae_qazlal_scattered_showers, erik_lair_island,
          uniq_erica
D:10:     minmay_the_grid_octo_2x2 [minmay_the_grid_octo_chip,
          minmay_the_grid_octo_fan_narrow, minmay_the_grid_octo_shrine,
          minmay_the_grid_octo_prize_big_c], layout_layer_cave, uniq_nergalle
D:11:     cheibrodos_breeding_chamber, layout_basic, nicolae_water_bricks
D:12:     layout_stronghold, erik_orc_1, portal_ice_cave_entry_imps,
          serial_column_ruins, column_ruins_columns_straight,
          column_ruins_open_small, column_ruins_columns_dead_end,
          column_ruins_open_tiny, column_ruins_corridor_straight,
          column_ruins_grid_1, minmay_statue_bubble
Temple:   hellmonk_temple_flake
Lair:1:   layout_roguey, cheibrodos_lair_caveside_slide
Lair:2:   layout_chaotic_city, gammafunk_ghost_split, columned_hall_lemuel,
          infiniplex_staircase_pool, serial_bayou_shore_a
Lair:3:   cheibrodos_lair_overgrown_chateau, layout_chaotic_city,
          shoals_dummy_entry, spider_nest_entry_webs,
          pdpol_lair_neglected_garden, minivault_19, beast_lair_carwin_5
Lair:4:   layout_cave_shapes, slime_entry_1, lemuel_fruit_tree
Lair:5:   minmay_lair_end_enchanted_forest, layout_cave_shapes, st_stairs_4,
          chequers_serial_rivers_micro_b, lemuel_old_faithful
Shoals:1: layout_shoals, nicolae_shoals_dead_sea_scrolls
Shoals:2: layout_shoals, uniq_ilsuiw
Shoals:3: layout_shoals
Shoals:4: shoals_end_hellmonk_holy_island
Spider:1: layout_spider_delve, nicolae_spider_bug_shape
Spider:2: layout_chambers, nicolae_spider_bzzzt, uniq_asterion
Spider:3: layout_spider_delve, uniq_nikola
Spider:4: floodkiller_spider_rune_tomb, hellmonk_deceptive_appearances,
          uniq_aizul, uniq_louise, uniq_arachne
Orc:1:    layout_caves, uniq_erolcha
Orc:2:    st_orc_pillars, layout_caves, serial_shops, nicolae_shop_gaudy_bauble,
          nicolae_shop_pleasant_corner_grove

Skill      XL: |  1  2  3  4  5  6  7  8  9 10 11 12 13 14 15 16 17 18 |
---------------+-------------------------------------------------------+-----
Conjurations   | 1 2 3 4 5 6 7 8 9 |  9.7
Dodging        | 3 4 5 6 7 8 9 10 11 12 13 14 15 | 15.1
Stealth        | 3 4 5 |  5.5
Spellcasting   | 3 4 5 6 7 8 9 11 12 | 12.7
Hexes          | 1 2 3 4 5 6 |  6.3
Fire Magic     | 3 4 5 6 7 8 9 |  9.0
Fighting       | 1 3 4 5 6 7 8 9 |  9.5
Invocations    | 1 2 4 5 6 8 9 10 11 | 11.5
Armour         | 2 3 7 8 9 |  9.2
Translocations | 2 3 4 5 |  5.0
Summonings     | 2 3 4 |  4.3
Staves         | 2 |  2.9
Shields        | 4 7 9 |  9.9
Air Magic      | 3 |  3.2
Ranged Weapons | 1 |  1.2

Action                     |  1- 3 |  4- 6 |  7- 9 | 10-12 | 13-15 | 16-18 || total
---------------------------+-------+-------+-------+-------+-------+-------++-------
  Melee: Dagger            |    30 |    21 |    50 |    32 |     9 |       ||   142
         Tailslap          |       |       |       |     1 |       |     2 ||     3
         Staff             |       |       |       |       |   120 |    88 ||   208
         Punch             |       |       |       |       |     4 |       ||     4
   Cast: Foxfire           |    40 |    31 |    96 |    99 |   323 |   344 ||   933
         Scorch            |     1 |     9 |    53 |    51 |   195 |   358 ||   667
         Inner Flame       |       |     4 |     2 |    16 |    22 |    40 ||    84
         Flame Wave        |       |       |    10 |    39 |   138 |   169 ||   356
         Blink             |       |       |     1 |       |     7 |    20 ||    28
         Summon Guardian G |       |       |       |     7 |    14 |    25 ||    46
         Call Canine Famil |       |       |       |     1 |     2 |     8 ||    11
         Arcjolt           |       |       |       |       |       |    28 ||    28
         Conjure Ball Ligh |       |       |       |       |       |     3 ||     3
 Invoke: Elemental Force   |       |       |       |       |     1 |     1 ||     2
         Disaster Area     |       |       |       |       |     1 |     1 ||     2
         Upheaval          |       |       |       |       |     1 |     3 ||     4
         Channel Magic     |       |       |       |       |       |    13 ||    13
  Evoke: Wand              |       |       |       |       |     1 |     3 ||     4
    Use: Potion            |       |     1 |     6 |     3 |     2 |    16 ||    28
         Scroll            |       |       |    11 |    12 |     5 |    12 ||    40
   Stab: Invisible         |       |       |       |       |     1 |       ||     1
 Armour: Robe              |     8 |    14 |    54 |    80 |    31 |       ||   187
         Skin              |       |       |       |     6 |       |       ||     6
         Ring mail         |       |       |       |       |   279 |   705 ||   984
  Dodge: Dodged            |    13 |    16 |    69 |    70 |   339 |   652 ||  1159
         Repelled          |       |       |       |     3 |     4 |     8 ||    15
  Block: Other             |     1 |     1 |    15 |    36 |   208 |    24 ||   285
         Buckler           |       |       |       |       |       |   472 ||   472
         Reflection        |       |       |       |       |       |    28 ||    28
         Kite shield       |       |       |       |       |       |   253 ||   253

Table legend: (Time is in decaauts)
 A = Elapsed time spent in this place.
 B = Non-inter-level travel time spent in this place.
 C = Inter-level travel time spent in this place.
 D = Time resting spent in this place.
 E = Time spent auto-exploring this place.
 F = Levels seen in this place.
 G = Mean time per level.
                   A        B        C        D        E       F      G
               +--------+--------+--------+--------+--------+-----+--------+
         Total |  30857 |  29115 |   1742 |   2738 |  17569 |  29 | 1064.0 |
       Dungeon |  13183 |  12280 |    903 |    781 |   7982 |  12 | 1098.6 |
        Temple |     15 |     14 |      1 |      0 |      0 |   1 |   15.0 |
          Lair |   5624 |   5089 |    535 |    328 |   3267 |   5 | 1124.8 |
        Shoals |   5413 |   5237 |    176 |   1234 |   2395 |   4 | 1353.2 |
   Spider Nest |   4350 |   4271 |     79 |    356 |   2741 |   4 | 1087.5 |
  Orcish Mines |   2230 |   2184 |     46 |     38 |   1183 |   2 | 1115.0 |
      Ice Cave |     39 |     39 |      0 |      0 |      0 |   1 |   39.0 |
               +--------+--------+--------+--------+--------+-----+--------+

Top non-repeatable levels by time:
Shoals:3: 2565 daAuts
Spider:2: 2249 daAuts
    D:10: 2244 daAuts
   Orc:2: 1570 daAuts
Spider:1: 1522 daAuts
    D:12: 1450 daAuts
  Lair:3: 1382 daAuts
    D:11: 1253 daAuts
     D:9: 1161 daAuts
Shoals:4: 1125 daAuts
  Lair:5: 1124 daAuts
  Lair:2: 1069 daAuts
  Lair:1: 1026 daAuts
  Lair:4: 1021 daAuts
     D:3: 984 daAuts
